 Dungeon Crawl Stone Soup version 0.22.1-2-g9c5b331 (webtiles) character file.

172 magicm the Skirmisher (level 5, -1/46 HPs)
             Began as a Draconian Fighter on Nov 22, 2018.
             Slain by a gnoll
             ... wielding a +0 spear
              (4 damage)
             ... on level 3 of the Dungeon.
             The game lasted 00:06:30 (1936 turns).

magicm the Skirmisher (Draconian Fighter)           Turns: 1936, Time: 00:06:31

Health: -1/46      AC:  6    Str: 19    XL:     5   Next: 27%
Magic:  5/5        EV: 11    Int:  8    God:
Gold:   104        SH: 10    Dex: 11    Spells: 4/4 levels left

rFire    . . .     SeeInvis .   a - +3 war axe
rCold    . . .     Gourm    .   b - +1 shield
rNeg     . . .     Faith    .   (armour unavailable)
rPois    .         Spirit   .   (helmet restricted)
rElec    .         Reflect  .   i - scarf {repulsion}
rCorr    .         Harm     .   g - +0 pair of gloves
MR       .....                  (no boots)
Stlth    ++........             (no amulet)
HPRegen  0.15/turn              (no ring)
MPRegen  0.09/turn              (no ring)

@: repel missiles
A: unfitting armour, cold-blooded, AC +5
a: no special abilities


You were on level 3 of the Dungeon.
You were not hungry.

You visited 1 branch of the dungeon, and saw 3 of its levels.

You collected 104 gold pieces.

Inventory:

Hand Weapons
 a - a +3 war axe (weapon)
Armour
 b - a +1 shield (worn)
 g - a +0 pair of gloves (worn)
 i - a scarf of repulsion (worn)
Scrolls
 j - 2 scrolls of teleportation
 k - a scroll of remove curse
 l - a scroll of fear
 o - a scroll of enchant armour
Potions
 c - 2 potions of might
 e - a potion of magic {unknown}
 f - 3 potions of cancellation
 h - 2 potions of curing
 m - a potion of brilliance {unknown}
 n - a potion of heal wounds {unknown}
Comestibles
 d - a ration


   Skills:
 + Level 4.0 Fighting
 + Level 3.7 Axes
 + Level 3.3 Dodging
 + Level 1.1 Stealth
 + Level 3.7 Shields


You had 4 spell levels left.
You didn't know any spells.
Your spell library was empty.

Dungeon Overview and Level Annotations

Branches:
Dungeon (3/15)

Altars:
Gozag
Okawaru
Trog


Innate Abilities, Weirdness & Mutations

Your plain brown scales are hard. (AC +5)
You cannot fit into any form of body armour.
You are cold-blooded and may be slowed by cold attacks.


Message History

You are too injured to fight recklessly!
You are too injured to fight recklessly!
You are too injured to fight recklessly!
You slash the gnoll!
You kill the gnoll!
You slash the gnoll!
You kill the gnoll!
The gnoll completely misses you. The rat closely misses you.
You hit the rat.
You kill the rat!
You block the gnoll's attack.
You closely miss the gnoll. You block the gnoll's attack. x2
The gnoll hits you with a flail!
* * * LOW HITPOINT WARNING * * *
The gnoll hits you from afar with a spear.
* * * LOW HITPOINT WARNING * * *
There is an iron altar of Okawaru here.
Found 15 gold pieces.
The gnoll hits you from afar with a spear.
You die...

#.# #.. #.# #.#
.. #.# #..#. #.#
....$ #.# ##.#.#
# #@###....#.#
#.............##
#.gg#>....?....#
##.....#.
.....## #.....##
......
#._8_..##....#
#............#
#......##†##.
#....[...†#


You could see 2 gnolls.

Vanquished Creatures
  2 orc priests (D:2)
  2 gnolls (D:3)
  An adder (D:2)
  3 worms (D:2)
  4 dart slugs
  2 leopard geckos
  5 orcs
  A ball python (D:1)
  2 giant cockroaches (D:1)
  7 goblins
  7 hobgoblins
  2 jackals
  7 bats
  3 frilled lizards
  8 kobolds
  6 rats
62 creatures vanquished.

Notes
Turn   | Place    | Note
-------+----------+-------------------------------------------
     0 | D:1      | magicm the Draconian Fighter began the quest for the Orb.
     0 | D:1      | Reached XP level 1. HP: 19/19 MP: 1/1
   115 | D:1      | Reached XP level 2. HP: 19/26 MP: 2/2
   816 | D:2      | Found an opulent altar of Gozag.
   822 | D:2      | Reached XP level 3. HP: 33/33 MP: 3/3
  1231 | D:2      | Reached XP level 4. HP: 37/40 MP: 4/4
  1751 | D:2      | Reached skill level 4 in Fighting
  1751 | D:2      | Reached XP level 5. HP: 46/46 MP: 5/5
  1801 | D:3      | Reached skill level 1 in Stealth
  1912 | D:3      | Found an iron altar of Okawaru.
  1915 | D:3      | Found a bloodstained altar of Trog.
  1927 | D:3      | HP: 1/46 [gnoll/spear (5)]
  1936 | D:3      | Slain by a gnoll

Skill      XL: |  1  2  3  4  5 |
---------------+----------------+-----
Dodging        | 3 |  3.3
Axes           | 3 |  3.7
Fighting       | 4 |  4.0
Stealth        | 1 |  1.1
Shields        | |  3.7

Action                   |  1- 3 |  4- 6 || total
-------------------------+-------+-------++-------
Melee: War axe           |   107 |    48 ||   155
       Tailslap          |    11 |     4 ||    15
  Use: Scroll            |     6 |     3 ||     9
 Stab: Sleeping          |     1 |     1 ||     2
  Eat: Ration            |     1 |       ||     1
Armor: Skin              |    35 |    10 ||    45
Dodge: Dodged            |    50 |    18 ||    68
Block: Shield            |    57 |    27 ||    84
